 Dungeon Crawl Stone Soup version 0.28.0-53-g5a82cb258f (webtiles) character file.

Game seed: 14781149639642248334

1021 Infinimo the Cudgeller (level 8, -1/87 HPs)
             Began as an Ogre Gladiator on May 26, 2022.
             Was a Follower of Okawaru.
             Succumbed to a killer bee's poison
             ... on level 7 of the Dungeon.
             The game lasted 00:09:50 (7797 turns).

Infinimo the Cudgeller (Ogre Gladiator)             Turns: 7797, Time: 00:09:51

Health: -1/87      AC:  6    Str: 19    XL:     8   Next: 22%
Magic:  8/8        EV: 10    Int: 11    God:    Okawaru [*.....]
Gold:   247        SH:  0    Dex: 10    Spells: 7/7 levels left

rFire   . . .      SeeInvis .   a - +0 flail
rCold   . . .      Faith    .   (no shield)
rNeg    . . .      Spirit   .   u - +2 robe {Will+}
rPois   .          Reflect  .   c - +0 hat
rElec   .          Harm     .   j - +0 cloak
rCorr   .          Rampage  .   (gloves unavailable)
Will    .....                   (boots unavailable)
Stlth   +.........              (no amulet)
HPRegen 0.24/turn               (no ring)
MPRegen 0.11/turn               (no ring)

@: lethally poisoned (-1 -> -9), weak-willed
A: large, unfitting armour, tough skin 1
a: Renounce Religion, Heroism


You were on level 7 of the Dungeon.
You worshipped Okawaru.
Okawaru was aware of your devotion.
You visited 2 branches of the dungeon, and saw 7 of its levels.

You collected 247 gold pieces.

Inventory:

Hand Weapons
 a - a +0 flail (weapon)
Missiles
 d - 2 throwing nets (quivered)
Armour
 c - a +0 hat (worn)
 j - a +0 cloak (worn)
 n - a +1 robe of fire resistance
 u - a +2 robe of willpower (worn)
Jewellery
 g - a ring of flight
Wands
 b - a wand of flame (15)
Scrolls
 h - 4 scrolls of identify
 o - 2 scrolls of silence
Potions
 e - 2 potions of degeneration
 k - a potion of flight
 m - 2 potions of lignification {unknown}
 p - a potion of attraction


   Skills:
 + Level 7.4 Fighting
 * Level 7.5 Maces & Flails
 - Level 2.0 Throwing
 - Level 2.6 Dodging


You had 7 spell levels left.
You didn't know any spells.
Your spell library was empty.

Dungeon Overview and Level Annotations

Branches:
Dungeon (5/15)             Temple (1/1) D:4

Altars:
Cheibriados
Dithmenos
Elyvilon
Fedhas
Gozag
Hepliaklqana
Kikubaaqudgha
Nemelex Xobeh
Okawaru
Qazlal
Ru
Sif Muna
Trog
Uskayaw
Vehumet
Wu Jian
Xom
Yredelemnul
Zin
The Shining One

Shops:
D:1 =   D:4 *

Annotations:
D:5 1 transporter


Innate Abilities, Weirdness & Mutations

You are too large for most types of armour.
You have tough skin. (AC +1)


Message History

The killer bee stings you. The killer bee closely misses you.
You sock the killer bee!
You kill the killer bee!
Okawaru accepts your kill.
You feel very sick. The killer bee stings you.
You miss the killer bee.
You feel sick.
The killer bee stings you but does no damage.
The killer bee stings you.
* * * LOW HITPOINT WARNING * * *
You are more poisoned.
The killer bee poisons you!
You closely miss the killer bee.
You feel very sick. The killer bee stings you.
* * * LOW HITPOINT WARNING * * *
You are more poisoned.
The killer bee poisons you! The killer bee closely misses you.
You feel better. The killer bee stings you.
* * * LOW HITPOINT WARNING * * *
The killer bee stings you.
* * * LOW HITPOINT WARNING * * *
You miss the killer bee. The killer bee stings you.
* * * LOW HITPOINT WARNING * * *
You are poisoned.
The killer bee poisons you! The killer bee barely misses you.
You miss the killer bee.
You hear the steady creaking of a distant portcullis.
You feel sick. The killer bee stings you!
* * * LOW HITPOINT WARNING * * *
You are more poisoned.
The killer bee poisons you! The killer bee closely misses you.
You closely miss the killer bee.
* * * LOW HITPOINT WARNING * * *
You feel very sick. The killer bee barely misses you.
The killer bee stings you but does no damage.
The bullfrog snags a nearby spider with its tongue.
You miss the killer bee.
You die...

##......#
#..###### #
#.## (. #.#
... ####.#
.... #....#
.... ##.####
#..####.>#
#...Fy@.##
.......#####
#......
.......
...F...
.......
......$
..#####


You could see a bullfrog (weak-willed) and a killer bee (weak-willed).

Vanquished Creatures
  A black bear (D:5)
  An ogre (D:4)
  2 necrophages (D:5)
  A phantom (D:4)
  A scorpion (D:4)
  2 killer bees (D:7)
  2 howler monkeys (D:4)
  A hound (D:5)
  2 orc wizards (D:4)
  Natasha (thrice) (D:4)
  An iguana (D:3)
  4 adders
  4 gnolls
  An ufetubus (D:4)
  An adder zombie (D:5)
  An adder skeleton (D:4)
  4 worms
  4 dart slugs
  7 orcs
  9 bats
  10 endoplasms
  4 giant cockroaches
  6 goblins
  5 hobgoblins
  8 quokkas
  5 ball pythons
  4 frilled lizards
  7 kobolds
  6 rats
107 creatures vanquished.

Vanquished Creatures (others)
  40 plants (D:7)
40 creatures vanquished.

Grand Total: 147 creatures vanquished

Notes
Turn   | Place    | Note
-------+----------+-------------------------------------------
     0 | D:1      | Infinimo the Ogre Gladiator began the quest for the Orb.
     0 | D:1      | Reached XP level 1. HP: 22/22 MP: 1/1
    85 | D:1      | Reached XP level 2. HP: 10/31 MP: 2/2
   760 | D:1      | Reached XP level 3. HP: 35/37 MP: 3/3
  1071 | D:1      | Found Muociddoer's Jewellery Emporium.
  1802 | D:2      | Found a faded altar of an unknown god.
  1845 | D:2      | Reached XP level 4. HP: 41/48 MP: 4/4
  2450 | D:3      | Identified the +4 falchion of Oguitol {flame, Str+3 Int+4}
  3378 | D:4      | Found Xinamn's Gadget Gallery.
  3403 | D:4      | Reached XP level 5. HP: 46/55 MP: 5/5
  3495 | D:4      | Noticed Natasha
  3508 | D:4      | Killed Natasha
  3926 | D:4      | Reached skill level 5 in Fighting
  3926 | D:4      | Reached skill level 5 in Maces & Flails
  3926 | D:4      | Reached XP level 6. HP: 66/66 MP: 6/6
  4592 | D:4      | Noticed Natasha
  4602 | D:4      | Killed Natasha
  4869 | D:4      | Noticed Natasha
  5180 | D:4      | Found a staircase to the Ecumenical Temple.
  5219 | D:4      | Killed Natasha
  5578 | D:4      | Reached XP level 7. HP: 22/75 MP: 7/7
  5984 | Temple   | Entered the Ecumenical Temple
  6336 | Temple   | Became a worshipper of Warmaster Okawaru
  6426 | D:5      | Entered Level 5 of the Dungeon
  6644 | D:5      | Found a transporter.
  7126 | D:5      | Reached * piety under Okawaru
  7133 | D:5      | Reached XP level 8. HP: 66/87 MP: 8/8
  7390 | D:5      | You fall into a shaft and drop 2 floors!
  7428 | D:7      | HP: 4/87 [poisoned by a killer bee]
  7795 | D:7      | HP: 3/87 [killer bee (8)]
  7796 | D:7      | HP: 1/87 [poisoned by a killer bee]
  7797 | D:7      | Succumbed to a killer bee's poison

Illustrated notes

Levels and vault maps discovered:
D:1:      matt_arrival_los_fun, layout_loops_cross, serial_shops,
          nicolae_shop_crystal
D:2:      layout_basic, hellmonk_ecumenical_altar_inner_sanctum,
          minmay_tromino_v4_a
D:3:      layout_loops_ring, hangedman_abyss_or_decor_stabs
D:4:      layout_basic, minmay_temple_entry_poolview,
          chequers_ossuary_entry_cave, nicolae_shop_gadgets, uniq_natasha
D:5:      gammafunk_wand_slinger, layout_basic, serial_shops, shop
D:7:      layout_rooms, enter_bailey_3, kennysheep_boxes
Temple:   mainiacjoe_temple_cubbyholes

Skill      XL: |  1  2  3  4  5  6  7 |
---------------+----------------------+-----
Fighting       | 3 4 5 6 7 |  7.4
Maces & Flails | 3 4 5 6 7 |  7.5
Throwing       | |  2.0
Dodging        | |  2.6

Action                   |  1- 3 |  4- 6 |  7- 9 || total
-------------------------+-------+-------+-------++-------
Melee: Flail             |   140 |   201 |   127 ||   468
       Punch             |     1 |     2 |     3 ||     6
Throw: Throwing net      |       |     1 |       ||     1
Evoke: Wand              |       |     5 |       ||     5
  Use: Scroll            |       |    14 |     1 ||    15
       Potion            |       |     1 |     4 ||     5
 Stab: Sleeping          |     3 |       |       ||     3
Armor: Robe              |    50 |    73 |    59 ||   182
Dodge: Dodged            |    89 |   107 |    65 ||   261
